 Dungeon Crawl Stone Soup version 0.28-a0-750-g7c675f85b1 (webtiles) character file.

Game seed: 10650491552942623693

875 ytrimaz the Chopper (level 7, -10/55 HPs)
             Began as a Demonspawn Gladiator on Oct 29, 2021.
             Mangled by an ogre (17 damage)
             ... on level 6 of the Dungeon.
             The game lasted 00:04:57 (6312 turns).

ytrimaz the Chopper (Demonspawn Gladiator)          Turns: 6312, Time: 00:04:57

Health: -10/55     AC: 15    Str: 17    XL:     7   Next: 74%
Magic:  7/7        EV:  8    Int:  9    God:
Gold:   296        SH:  0    Dex: 14    Spells: 6/6 levels left

rFire   . . .      SeeInvis .   a - +0 war axe
rCold   . . .      Faith    .   (no shield)
rNeg    . . .      Spirit   .   g - +0 chain mail
rPois   .          Reflect  .   (helmet restricted)
rElec   .          Harm     .   (no cloak)
rCorr   .          Rampage  .   (no gloves)
Will    .....                   (no boots)
Stlth   ..........              (no amulet)
HPRegen 0.18/turn               (no ring)
MPRegen 0.10/turn               (no ring)

@: sanguine armoured
A: horns 1, powered by death 1, sanguine armour 1
a: no special abilities


You were on level 6 of the Dungeon.
You visited 1 branch of the dungeon, and saw 6 of its levels.

You collected 296 gold pieces.

Inventory:

Hand Weapons
 a - a +0 war axe (weapon)
Missiles
 d - 3 throwing nets (quivered)
Armour
 g - a +0 chain mail (worn)
Wands
 j - a wand of polymorph (5)
Scrolls
 c - a scroll of teleportation
 f - a scroll of magic mapping
 l - a scroll of enchant weapon
 m - a scroll of brand weapon {unknown}
Potions
 b - a potion of brilliance
 e - a potion of resistance
 h - 2 potions of attraction
 i - 2 potions of curing
 k - a potion of mutation {unknown}
 n - a potion of invisibility


   Skills:
 * Level 4.4 Fighting
 + Level 5.5 Axes
 - Level 1.7 Throwing
 * Level 4.4 Armour
 + Level 3.4 Dodging


You had 6 spell levels left.
You didn't know any spells.
Your spell library contained the following spells:

 Spells                   Type           Power      Damage    Failure   Level
 Ensorcelled Hibernation  Hex/Ice        0%         N/A       100%        2
 Static Discharge         Conj/Air       0%         N/A       100%        2
 Spider Form              Tmut/Pois      0%         N/A       100%        3
 Fireball                 Conj/Fire      0%         3d3       100%        5
 Lightning Bolt           Conj/Air       0%         1d11      100%        5
 Conjure Ball Lightning   Conj/Air       0%         3x3d6     100%        6
 Starburst                Conj/Fire      0%         6d3       100%        6
 Discord                  Hex            0%         N/A       100%        8
 Disjunction              Tloc           0%         N/A       100%        8
 Ignition                 Fire           0%         3d3       100%        8
 Maxwell's Capacitive Co  Air            0%         ∞         100%        8


Dungeon Overview and Level Annotations

Branches:
Dungeon (6/15)
 Temple: D:4-7

Altars:
Cheibriados
Elyvilon
Gozag
Okawaru
Xom
Yredelemnul
Zin

Shops:
D:3 :   D:6 !


Innate Abilities, Weirdness & Mutations

You have a pair of small horns on your head.
You regenerate a little health from kills.
When seriously injured, your bleeding wounds create armour. (AC +6)


Message History

You slash the centaur!
The centaur is severely wounded.
The centaur hits you but does no damage.
The centaur barely misses you.
You slash the centaur! You headbutt the centaur.
You kill the centaur!
Things that are here:
a +0 shortbow; 16 arrows
As you read the scroll of identify, it crumbles to dust.
b - a potion of brilliance Key pressed, stopping explore.
Found a stone staircase leading up.
You open the door.
There is an open door here.
You open the door.
There is an open door here.
Found a hunting sling.
Found a stone staircase leading down.
You now have 296 gold pieces (gained 13).
An ogre comes into view. It is wielding a +0 giant spiked club.
The ogre shouts!
An ogre is nearby!
An ogre is nearby!
You see here a scroll of teleportation.
c - a scroll of teleportation
Found 11 stones.
You barely miss the ogre.
The ogre hits you with a +0 giant spiked club!!
Your blood congeals into armour.
You slash the ogre!
The ogre is heavily wounded.
The ogre hits you with a +0 giant spiked club!
You hit the ogre.
The ogre is heavily wounded.
The ogre hits you with a +0 giant spiked club!
* * * LOW HITPOINT WARNING * * *
You barely miss the ogre. Your headbutt misses the ogre.
The ogre is heavily wounded.
The ogre hits you with a +0 giant spiked club!
You die...

#....#...........
+#######....+...........
............#...........
............#...∩.......
.........>..#...........
............#....#######
............#....+ #
............#....# #
.......@....###+## #
......O.....#...########
............#...#......#
............#...#......+
............#...##.....#
............#...##.....#
(...........##..##.....#
....).......##..##.....'
...........#..........#


You could see an ogre.

Vanquished Creatures
  A black bear (D:5)
  2 ogres
  A necrophage (D:5)
  2 centaurs (D:6)
  2 hounds
  2 bullfrog skeletons (D:5)
  A centaur skeleton (D:5)
  An iguana (D:5)
  A killer bee zombie (D:5)
  7 adders
  4 gnolls
  An adder skeleton (D:4)
  4 worms
  A dart slug (D:1)
  8 endoplasms
  A giant cockroach (D:3)
  5 goblins
  5 hobgoblins
  6 jackals (D:3)
  4 quokkas
  6 ball pythons
  7 bats
  2 frilled lizards (D:2)
  7 kobolds
  5 rats
86 creatures vanquished.

Notes
Turn   | Place    | Note
-------+----------+-------------------------------------------
     0 | D:1      | ytrimaz the Demonspawn Gladiator began the quest for the
                  | Orb.
     0 | D:1      | Reached XP level 1. HP: 16/16 MP: 1/1
   142 | D:1      | Gained mutation: When seriously injured, your bleeding
                  | wounds create armour. (AC +6) [demonic ancestry]
   142 | D:1      | Reached XP level 2. HP: 17/22 MP: 2/2
   308 | D:1      | Reached skill level 3 in Axes
   945 | D:2      | Reached skill level 1 in Armour
   945 | D:2      | Reached XP level 3. HP: 27/27 MP: 3/3
  1015 | D:2      | Found a shimmering altar of Xom.
  1819 | D:2      | Found a faded altar of an unknown god.
  2229 | D:3      | Found an iron altar of Okawaru.
  2328 | D:3      | Reached XP level 4. HP: 33/34 MP: 4/4
  2390 | D:3      | Found a snail-covered altar of Cheibriados.
  2893 | D:3      | Found Hiuras's Book Emporium.
  3197 | D:3      | Found a basalt altar of Yredelemnul.
  3784 | D:4      | Gained mutation: You regenerate a little health from kills.
                  | [demonic ancestry]
  3784 | D:4      | Reached XP level 5. HP: 23/39 MP: 5/5
  4418 | D:4      | Noticed an ogre
  4426 | D:4      | Killed an ogre
  4427 | D:4      | Reached skill level 4 in Axes
  4761 | D:5      | Entered Level 5 of the Dungeon
  4805 | D:5      | Noticed a necrophage
  4813 | D:5      | Killed a necrophage
  4814 | D:5      | Gained mutation: You have a pair of small horns on your
                  | head. [demonic ancestry]
  4814 | D:5      | Reached XP level 6. HP: 31/47 MP: 6/6
  5158 | D:5      | Reached XP level 7. HP: 35/53 MP: 7/7
  5366 | D:5      | Reached skill level 5 in Axes
  5856 | D:6      | Found Kushrub's Distillery.
  5889 | D:6      | Found an opulent altar of Gozag.
  6312 | D:6      | Mangled by an ogre

Illustrated notes

Levels and vault maps discovered:
D:1:      lightli_arrival_isolated_outpost, layout_basic
D:2:      layout_rooms, basic_ecumenical_altar, basic_altar
D:3:      layout_basic, kennysheep_ying_yang,
          mainiacjoe_overflow_catch_the_wave, okawaru_trees_2, serial_shops,
          shop_statue, corexii_hall_statues_u
D:4:      layout_loops_corners
D:5:      layout_rooms
D:6:      layout_gridville, overflow_temple_1_default, serial_shops, shop

Skill      XL: |  1  2  3  4  5  6  7 |
---------------+----------------------+-----
Dodging        | 3 |  3.4
Axes           | 3 4 5 |  5.5
Armour         | 1 2 3 4 |  4.4
Fighting       | 3 4 |  4.4
Throwing       | |  1.7

Action                   |  1- 3 |  4- 6 |  7- 9 || total
-------------------------+-------+-------+-------++-------
Melee: War axe           |    98 |   143 |    44 ||   285
       Headbutt          |       |     7 |     6 ||    13
  Use: Scroll            |     5 |     2 |     3 ||    10
       Potion            |       |     2 |       ||     2
 Stab: Sleeping          |     1 |       |       ||     1
Armor: Leather armour    |    62 |     5 |       ||    67
       Chain mail        |       |    99 |    33 ||   132
Dodge: Dodged            |    94 |    90 |    27 ||   211

Table legend: (Time is in decaauts)
 A = Elapsed time spent in this place.
 B = Non-inter-level travel time spent in this place.
 C = Inter-level travel time spent in this place.
 D = Time resting spent in this place.
 E = Time spent auto-exploring this place.
 F = Levels seen in this place.
 G = Mean time per level.
                   A        B        C        D        E       F      G
               +--------+--------+--------+--------+--------+-----+--------+
         Total |   6387 |   6221 |    166 |    920 |   4338 |   6 | 1064.5 |
       Dungeon |   6387 |   6221 |    166 |    920 |   4338 |   6 | 1064.5 |
               +--------+--------+--------+--------+--------+-----+--------+

Top non-repeatable levels by time:
     D:4: 1425 daAuts
     D:3: 1325 daAuts
     D:2: 1220 daAuts
     D:5: 979 daAuts
     D:1: 962 daAuts
     D:6: 475 daAuts
